[Event "*** Titled Tuesday Blitz"]
[Site "Chess.com"]
[Date "2019.04.02"]
[Round "6"]
[White "albi1999"]
[Black "nubair1198"]
[Result "1/2-1/2"]
[WhiteElo "2636"]
[BlackElo "2662"]
[TimeControl "180+2"]
[EndTime "15:22:41 PDT"]
[Termination "Game drawn by agreement"]

1. d4 d5 2. c4 c6 3. Nf3 Nf6 4. e3 Bg4 5. Nc3 e6 6. h3 Bh5 7. g4 Bg6 8. Ne5 Nbd7 9. Nxg6 hxg6 10. Qb3 Qb6 11. g5 Ne4 12. Qxb6 axb6 13. Nxe4 dxe4 14. Bg2 Rh4 15. Ke2 Ra5 16. c5 bxc5 17. Bd2 Rb5 18.
a4 Rxb2 19. Rhb1 Rxb1 20. Rxb1 cxd4 21. exd4 b6 22. a5 bxa5 23. Bxa5 Be7 24. Bd2 f5 25. Ra1 Nb6 26. Ra6 Nc4 27. Bc3 Nd6 28. Rxc6 f4 29.
Kd1 Kd7 30. Ra6 Nb5 31. Bb2 Nc7 32. Ra7 f3 33. Bf1 Bxg5 34. d5 Bf4 35. dxe6+ Kxe6 36. Bxg7 Rh7 37. Bc4+ Kd6 38. Bc3 Rxh3 39. Ba5 Rh1+ 40. Kc2 Rc1+ 41. Kb3 Kc6 42. Bxc7 Bxc7 43. Ra6+ Bb6 44.
Ra8 Rb1+ 45. Kc2 Rf1 46. Bxf1 Bxf2 47. Ra5 Bb6 48. Rg5 e3 49. Kd3 e2 50. Rxg6+ Kc7 51.
Bxe2 fxe2 52. Kxe2 Bc5 53. Kd3 Bd6 54. Kc4 Kc6 55. Rh6 Kd7 56. Kd5 Bf4 57. Ra6 Kc7 58. Rf6 Bg3 59. Ra6 Bf4 60. Ra4 Bg3 61. Rc4+ Kb7 62.
Kc5 Bf2+ 63. Kb5 Bg3 64. Rg4 Bf2 65. Rg7+ Ka8 66. Kc6 Be3 67. Rg3 Bf2 68. Rf3 Bd4 69.
Ra3+ Kb8 70. Rb3+ Ka8 71. Rd3 Bg1 72. Rd8+ Ka7 73. Rd7+ Ka8 74. Rf7 Be3 75. Kb5 Bd4 76. Ka6 Kb8 77. Rd7 Be3 78. Kb5 Ka8 79. Kc6 Bf2 80. Rd2 Be3 81. Rb2 Bd4 82. Rb3 Bf2 1/2-1/2

[Event "*** Titled Tuesday Blitz"]
[Site "Chess.com"]
[Date "2019.04.02"]
[Round "6"]
[White "aa175"]
[Black "Andrew-FB00"]
[Result "0-1"]
[WhiteElo "1928"]
[BlackElo "1865"]
[TimeControl "180+2"]
[EndTime "15:22:54 PDT"]
[Termination "Andrew-FB00 won by checkmate"]

1. e4 e5 2. Nf3 Nc6 3. Bc4 Bc5 4. d3 h6 5. Nc3 d6 6. Be3 Bb6 7. O-O Nf6 8. Bxb6 axb6 9. Nd5 Bg4 10. h3 Bh5 11. g4 Bg6 12. Nh4 Nxd5 13. Nxg6 fxg6 14.
Bxd5 Qh4 15. Qf3 Rf8 16. Qg3 Qg5 17. Kg2 O-O-O 18. a4 Nd4 19. h4 Qd2 20. a5 bxa5 21. c3 Ne2 22. Qe3 Nf4+ 23. Kh2 Qxd3 24. Rxa5 c6 25. Bxc6 bxc6 26. Ra8+ Kd7 27. Ra7+ Ke6 28. Qxd3 Nxd3 29. Rxg7 Rg8 30. Rh7 Nxb2 31. Rb1 Nd3 32. Rbb7 Rde8 33. Rxh6 Nxf2 34. Kg3 Nxe4+ 35. Kf3 Nxc3 36. h5 Kf6 37. hxg6 Rxg6 38. Rhh7 Nd5 39. Rbf7+ Ke6 40. Ra7 Rg5 41. Rh6+ Nf6 42. Ra6 c5 43. Rc6 Rg7 44. Ra6 Rf8 45. Ke3 Kd5 46. Rh1 Nxg4+ 47. Ke2 Rgf7 48. Rd1+ Ke4 49. Rdxd6 Rf2+ 50. Kd1 Rf1+ 51.
Kc2 R8f2+ 52. Kb3 Rb1+ 53. Ka3 Rf3+ 54. Ka2 Re1 55. Rg6 Rf2+ 56. Kb3 Rb1+ 57. Ka3 Ra1+ 58. Kb3 Rxa6 59. Rxg4+ Kf5 60. Rg8 Rb6+ 61. Kc4 Rf4+ 62. Kd5 c4 63. Rf8+ Kg5 64. Rg8+ Rg6 65. Re8 Rf5 66.
Kxc4 Kf4 67. Kd5 e4+ 68. Kd4 Rd6+ 69. Kc3 e3 70. Re7 Kf3 71. Kc2 e2 72. Rxe2 Kxe2 73. Kc3 Rfd5 74. Kb4 Rd4+ 75. Kc5 R6d5+ 76. Kc6 Rh5 77.
Kc7 Rg4 78. Kb8 Rg6 79. Kc8 Rh7 80. Kd8 Rg8# 0-1

[Event "*** Titled Tuesday Blitz"]
[Site "Chess.com"]
[Date "2019.04.02"]
[Round "6"]
[White "Eltarolo"]
[Black "Chesstrainer1"]
[Result "0-1"]
[WhiteElo "2416"]
[BlackElo "2403"]
[TimeControl "180+2"]
[EndTime "15:22:54 PDT"]
[Termination "Chesstrainer1 won by checkmate"]

1. e4 c5 2. c3 Nf6 3. e5 Nd5 4. d4 cxd4 5. cxd4 e6 6. Nf3 b6 7. Bd3 Ba6 8. O-O Be7 9. Nc3 Nxc3 10. bxc3 Bxd3 11. Qxd3 O-O 12. Qe4 Na6 13. Qg4 f5 14.
exf6 Bxf6 15. Ba3 Be7 16. Bxe7 Qxe7 17. Ne5 Rac8 18. Rac1 b5 19. Qe4 Nc7 20. c4 bxc4 21.
Rxc4 Nd5 22. Ra4 Rf4 23. Qd3 Nc3 24. Rc4 Rxc4 25. Qxc4 Nd5 26. Qc8+ Rf8 27. Qxd7 Qxd7 28. Nxd7 Rf4 29. Rd1 Nc3 30. Rd2 Rxd4 31. Rxd4 Ne2+ 32. Kf1 Nxd4 33. Ne5 Kf8 34. Ke1 Ke7 35. Kd2 Kd6 36. f4 Kd5 37. Kd3 g5 38. g3 gxf4 39. gxf4 h5 40.
Ng6 Nf5 41. h3 a5 42. a4 Kc5 43. Nf8 Ng7 44. Ke4 Kb4 45. Ke5 Kxa4 46. Kf6 Nf5 47. Nxe6 Ne3 48. Kg5 Kb4 49. f5 Nc4 50. f6 Nd6 51.
Kxh5 a4 52. Nd4 Kc4 53. Nc2 Kc3 54. Na3 Kb4 55. Nc2+ Kb3 56. Nd4+ Kc4 57. Nc2 Kc3 58. Na1 Kb2 59. Kg6 Kxa1 60. f7 Nxf7 61. Kxf7 a3 62. h4 a2 63. h5 Kb1 64. h6 a1=Q 65. Kg8 Qa8+ 66. Kg7 Qb7+ 67. Kg8 Qc8+ 68. Kg7 Qd7+ 69. Kg8 Qe6+ 70. Kg7 Qe7+ 71. Kg8 Qg5+ 72. Kh7 Kc2 73. Kh8 Qxh6+ 74. Kg8 Kd3 75. Kf7 Ke4 76. Kg8 Kf5 77. Kf7 Qh7+ 78. Kf8 Kf6 79. Ke8 Qe7# 0-1

[Event "*** Titled Tuesday Blitz"]
[Site "Chess.com"]
[Date "2019.04.02"]
[Round "6"]
[White "SloLev"]
[Black "ENEASZ"]
[Result "0-1"]
[WhiteElo "2499"]
[BlackElo "2438"]
[TimeControl "180+2"]
[EndTime "15:23:11 PDT"]
[Termination "ENEASZ won by resignation"]

1. e4 d6 2. d4 Nf6 3. Nc3 e5 4. dxe5 dxe5 5. Qxd8+ Kxd8 6. Nf3 Bd6 7. Bc4 Be6 8. Bxe6 fxe6 9. Be3 a6 10. h3 Ke7 11.
Nd2 Nbd7 12. g4 b5 13. f3 Rhb8 14. Ke2 Nb6 15. b3 Nfd7 16. h4 Bc5 17. Bg5+ Kf7 18.
a4 Bd4 19. axb5 Bxc3 20. Rxa6 Rxa6 21. bxa6 Ra8 22. Nb1 Bb4 23. Rd1 Rxa6 24. Bd8 Ra2 25. Kd3 Bd6 26. Rd2 Nc5+ 27. Ke2 Nb7 28. Bg5 Bb4 29.
c3 Rxd2+ 30. Bxd2 Bd6 31. h5 Nc5 32. b4 Ncd7 33. Na3 c5 34. Nb5 Be7 35. bxc5 Bxc5 36. Be1 Nc4 37. Bg3 Ndb6 38. Nc7 Ke7 39. Nb5 h6 40.
Kd3 Kd7 41. Na7 Bg1 42. f4 exf4 43. Bxf4 e5 44. Bc1 Bc5 45. g5 Bf8 46. gxh6 gxh6 47. Nb5 Kc6 48. Na7+ Kd6 49. Nb5+ Ke6 50. Nc7+ Kf6 51.
Nd5+ Nxd5 52. exd5 Na5 53. c4 Nb7 54. Be3 Nc5+ 55.
Ke2 Kf5 56. Kf3 e4+ 57. Kg3 Bd6+ 58. Kh3 Bf8 59. Kg3 Nd7 60. Bf4 Nf6 61. Bc1 Nxh5+ 62.
Kf2 Nf6 63. Ke2 h5 64. Be3 Nd7 65. Bf2 Bd6 66. Bh4 Kg4 67. Be1 Bc5 68. Kf1 Kf3 69.
Bd2 e3 70. Bxe3 Kxe3 71. Kg2 Kd4 72. Kh3 Be7 73. d6 Bxd6 74. Kh4 Nf6 75. Kg5 Kxc4 76. Kh4 Bf4 77. Kh3 Kd4 78. Kg2 Ke4 79. Kh3 Kf5 80. Kg2 Kg4 81. Kh1 h4 82. Kg1 h3 83. Kh1 Bg3 84. Kg1 Nh5 85. Kh1 Nf4 86. Kg1 Kf3 87. Kh1 Nd3 88. Kg1 Nf2 89. Kf1 h2 0-1

[Event "*** Titled Tuesday Blitz"]
[Site "Chess.com"]
[Date "2019.04.02"]
[Round "6"]
[White "francogreek"]
[Black "HiHaruka"]
[Result "1-0"]
[WhiteElo "2409"]
[BlackElo "2224"]
[TimeControl "180+2"]
[EndTime "15:23:29 PDT"]
[Termination "francogreek won on time"]

1. Nf3 d5 2. g3 b6 3. Bg2 Bb7 4. O-O Nf6 5. a4 e6 6. a5 Be7 7. d4 c5 8. Ne5 cxd4 9. Qxd4 Bc5 10. Qd1 Nbd7 11. Nd3 Be7 12. c4 Qc7 13. cxd5 Bxd5 14. Bf4 Qc6 15. Bxd5 Qxd5 16. Nc3 Qh5 17. axb6 Ng4 18.
h4 Nxb6 19. e4 g5 20. Bc7 gxh4 21. Nf4 Qg5 22. Bxb6 hxg3 23. fxg3 O-O 24. Bf2 Nxf2 25. Kxf2 Bc5+ 26. Kg2 Kh8 27. Rh1 Rg8 28. Qf3 Rad8 29. Rae1 Rd2+ 30. Re2 Rgd8 31. Qh5 Qxh5 32.
Rxh5 Rxe2+ 33. Ncxe2 Be3 34. Kf3 Bb6 35. b4 Rd1 36. b5 Rf1+ 37. Kg2 Rb1 38. Nh3 Kg7 39. Ng5 h6 40. Nh3 Rb4 41. Kf3 Rb3+ 42. Kg4 Re3 43.
Nef4 Rxe4 44. Kf3 Re3+ 45. Kg2 Rb3 46. Re5 Kf6 47. Re1 Rxb5 48. Re2 a5 49. Ra2 Rb1 50. Nd3 Rd1 51. Nhf2 Rb1 52. Nb2 Ke7 53. Nc4 Bd4 54. Nxa5 Rb5 55. Nc4 f5 56. Nh3 Rb1 57.
Nf4 Kf6 58. Ra6 Re1 59. Kf3 Kf7 60. Nd6+ Ke7 61. Nc8+ Kf6 62. Nd6 Ke7 63. Nc4 Bc3 64. Na5 Bd4 65. Nc6+ Kd7 66. Nxd4 e5 67. Nxf5 exf4 68.
Kxf4 h5 69. Rh6 Rh1 70. Kg5 Ke8 71. Rxh5 Rf1 72. Rh7 Rf3 73. Ra7 Rf1 74. Kf6 Rd1 75.
g4 Rb1 76. g5 Rb6+ 77. Ke5 Kf8 78. Nd4 Kg8 79. Ne6 Rb1 80. Kf6 Rf1+ 81. Kg6 1-0

[Event "*** Titled Tuesday Blitz"]
[Site "Chess.com"]
[Date "2019.04.02"]
[Round "6"]
[White "wannabe2700"]
[Black "AdrianaNikolova"]
[Result "1/2-1/2"]
[WhiteElo "2601"]
[BlackElo "2473"]
[TimeControl "180+2"]
[EndTime "15:23:44 PDT"]
[Termination "Game drawn - insufficient material"]

1. e4 c5 2. Nf3 Nc6 3. d4 cxd4 4.
Nxd4 d6 5. Nc3 Nf6 6. Bg5 e6 7. Qd2 a6 8. O-O-O h6 9. Bh4 Nxe4 10. Nxe4 Qxh4 11. f3 d5 12. g3 Qd8 13. Nf2 Qa5 14.
Nxc6 Qxd2+ 15. Rxd2 bxc6 16. Nd3 Be7 17. c4 a5 18. f4 Ba6 19. Ne5 Rc8 20. Rc2 c5 21. cxd5 Bxf1 22. Rxf1 exd5 23. Rd1 g5 24. Rxd5 gxf4 25.
gxf4 Rg8 26. Re2 Rg1+ 27. Kc2 Rc7 28. Kb3 Rb7+ 29. Ka4 Rf1 30. Nd3 Kf8 31. b3 Rc7 32. Kxa5 c4 33. bxc4 Rxc4 34. Kb5 Rc8 35. a4 Rb8+ 36.
Kc6 Ra8 37. a5 Ra1 38. Kb6 Rb1+ 39. Kc6 Bd8 40. Nc5 Bxa5 41. Nd7+ Kg7 42. Rg2+ Kh8 43. Rh5 Ra6+ 44. Kc5 Bb4+ 45. Kc4 Be7 46. Re5 Rc1+ 47. Kd3 Re6 48. Rxe6 fxe6 49. Ne5 Bf6 50. Nf7+ Kh7 51. Ke4 Re1+ 52. Kf3 Rf1+ 53. Ke3 Re1+ 54. Kd3 Rd1+ 55. Ke2 Rd4 56. Ke3 Rd7 57. Ne5 Bxe5 58. fxe5 Ra7 59. Rf2 Ra3+ 60. Kd4 Ra4+ 61. Kc5 Kg6 62. Kd6 Ra6+ 63.
Ke7 Kg5 64. Rf6 Ra2 65. h4+ Kh5 66. Kxe6 Ra4 67. Kf7 Rxh4 68. e6 Ra4 69. e7 Ra7 70.
Kf8 Ra8+ 71. e8=Q+ Rxe8+ 72. Kxe8 Kg5 73. Kf7 h5 74. Ke6 h4 75. Ke5 h3 76. Rf8 Kg4 77. Ke4 h2 78. Rh8 Kg3 79. Ke3 Kg2 80. Rg8+ Kf1 81. Rf8+ Kg2 82. Rg8+ Kf1 83. Rh8 Kg2 84. Rg8+ Kf1 85. Rf8+ Kg2 86. Rf2+ Kg1 87. Ke2 h1=Q 88. Rf1+ Kg2 89. Rxh1 Kxh1 1/2-1/2

[Event "*** Titled Tuesday Blitz"]
[Site "Chess.com"]
[Date "2019.04.02"]
[Round "6"]
[White "Firouzja2003"]
[Black "Bryakin_Mikhail"]
[Result "0-1"]
[WhiteElo "3064"]
[BlackElo "2760"]
[TimeControl "180+2"]
[EndTime "15:24:17 PDT"]
[Termination "Bryakin_Mikhail won on time"]

1. e4 c6 2. d4 d5 3. e5 Bf5 4. Nf3 e6 5. Be2 Nd7 6. O-O Bg6 7. Nbd2 Nh6 8. c3 Nf5 9. Re1 h5 10. Nf1 h4 11. h3 Be7 12. N1h2 Bh5 13. Ng4 Rc8 14.
Bd3 Bg6 15. b4 b6 16. Bf4 Kf8 17. Qd2 c5 18. bxc5 bxc5 19. Rab1 Nb6 20. Bg5 cxd4 21. cxd4 Nc4 22. Qf4 Rh5 23. Bxe7+ Nxe7 24. Bxg6 Nxg6 25. Qc1 Qe7 26. Re2 Kg8 27. Rc2 Rd8 28. Ne3 Nxe3 29. fxe3 Rf5 30. Rc7 Rd7 31. Rb8+ Kh7 32. Rcc8 Rb7 33.
Ra8 Rxf3 34. gxf3 Qg5+ 35. Kf2 Qg3+ 36. Ke2 Qg2+ 37. Kd3 Qxf3 38. Kc3 Qxh3 39. Rab8 Rxb8 40. Rxb8 Qf3 41. Rb2 Nf4 42. Qe1 Ng2 43. Qb1+ Kh6 44. Kb4 Nxe3 45. Qc1 Qf4 46. Kc5 Ng2 47. Qh1 Ne3 48.
Qc1 Ng2 49. Qh1 Ne3 50. Rb8 Nf5 51. Qg1 Kh7 52. Rb3 g5 53. Rb1 g4 54. Rf1 Qe4 55. Kc6 g3 56. Rb1 Nxd4+ 57. Kd7 Nf5 58.
Qd1 Kg6 59. Rb8 g2 60. Rg8+ Ng7 61. Qg1 h3 62. Qh2 Qg4 63. Qg1 Qg3 64. Qb1+ Kh6 65.
Rh8+ Kg5 66. Rg8 Qxe5 67. Qh7 Kf4 68. Rxg7 Qxg7 69. Qxg7 Kf3 70. Qxf7+ Kg3 71. Qg6+ Kh2 72. Qc2 Kh1 73. Qd3 g1=Q 74. Qxh3+ Qh2 75. Qf1+ Qg1 76. Qh3+ Qh2 77. Qf3+ Qg2 78. Qd1+ Qg1 79. Qe2 Qg6 80. Qf1+ Kh2 81. Kd6 Qe4 82. Qf2+ Kh3 83. Qxa7 d4 84. Qh7+ Qxh7 0-1

[Event "*** Titled Tuesday Blitz"]
[Site "Chess.com"]
[Date "2019.04.02"]
[Round "6"]
[White "MikaelyanArman"]
[Black "Yurovskykh_Oleksandr"]
[Result "1/2-1/2"]
[WhiteElo "2736"]
[BlackElo "2513"]
[TimeControl "180+2"]
[EndTime "15:24:43 PDT"]
[Termination "Game drawn - insufficient material"]

1. e4 d5 2. exd5 Qxd5 3. Nc3 Qd8 4. d4 Nf6 5. Nf3 Bg4 6. h3 Bxf3 7. Qxf3 c6 8. Qd3 e6 9. g3 Nbd7 10. Bg2 Bd6 11. O-O O-O 12. a4 a5 13. Ne2 Qb6 14.
c3 Qa6 15. Qc2 Nd5 16. Re1 Rfe8 17. Bd2 Bf8 18. Nf4 Nxf4 19. Bxf4 g6 20. h4 Bg7 21. h5 e5 22. dxe5 Nxe5 23. h6 Bf6 24. Rad1 Qb6 25. Be3 Qc7 26. Bc5 Nd7 27. Rxe8+ Rxe8 28. Bd6 Qb6 29. Qd2 Ne5 30. Qf4 Bh8 31. b4 axb4 32. cxb4 Qd8 33. Rd2 Qf6 34. Bxe5 Qxe5 35.
Qxe5 Bxe5 36. Rd7 Rb8 37. Bf1 b5 38. a5 Bc3 39. a6 Bxb4 40. a7 Ra8 41. Bg2 Bc5 42.
Bxc6 Rxa7 43. Rd8+ Bf8 44. Bxb5 Ra5 45. Rb8 Rxb5 46.
Rxb5 Bxh6 47. Kg2 Bf8 48. Kf3 h5 49. Ke4 Kg7 50. Rb7 Kf6 51. Rb6+ Kg7 52. Ke5 Ba3 53. Rb7 Bc5 54. Rb2 Be7 55. Kd5 Kf6 56. Kc6 Ba3 57. Rb3 Bc1 58. Rf3+ Ke6 59. Kc5 Bd2 60. Rd3 Bg5 61. Rd6+ Ke7 62. Kd5 h4 63. gxh4 Bxh4 64. f3 Bg3 65. Ra6 Kf8 66. Ra7 Kg7 67. Kc6 Kf6 68.
Kd7 Kg5 69. Ra4 f5 70. Ke6 Be1 71. Rd4 Bc3 72. Rd3 Bb2 73. Kf7 Ba1 74. Rb3 Bd4 75. Rb4 Bc3 76. Rc4 Bb2 77. f4+ Kh5 78. Rc2 Bd4 79. Re2 Kg4 80. Kxg6 Kxf4 81. Re1 Kg4 82.
Rd1 Be3 83. Rf1 f4 84. Kf6 f3 85. Ke5 f2 86. Ke4 Ba7 87. Rb1 Kg3 88. Kd3 Kg2 89.
Ke2 Bd4 90. Rf1 Bc5 91. Rc1 Bb4 92. Rf1 Be1 93. Rxf2+ Bxf2 1/2-1/2

[Event "*** Titled Tuesday Blitz"]
[Site "Chess.com"]
[Date "2019.04.02"]
[Round "6"]
[White "Cayse"]
[Black "emperor87"]
[Result "0-1"]
[WhiteElo "2647"]
[BlackElo "2717"]
[TimeControl "180+2"]
[EndTime "15:24:53 PDT"]
[Termination "emperor87 won by resignation"]

1. e4 c5 2. Nf3 d6 3. Bb5+ Nc6 4. O-O e6 5. d4 cxd4 6. Nxd4 Bd7 7. c4 Nxd4 8. Bxd7+ Qxd7 9. Qxd4 Nf6 10. b3 Be7 11. Bb2 e5 12. Qd3 Bd8 13. Nc3 Bb6 14. Rad1 Ke7 15.
Ba3 Rhd8 16. Qg3 Qe6 17. Nb5 Ne8 18. Qh4+ f6 19. Qxh7 a6 20. Nxd6 Rxd6 21. Rxd6 Nxd6 22. Qxg7+ Kd8 23. Rd1 Bd4 24. c5 Nf7 25. Qg8+ Qe8 26. Qg6 Qe6 27. Qg8+ Qe8 28. Qg7 Qe6 29. Bb2 Ke7 30.
Bxd4 Rd8 31. h4 Rxd4 32. Re1 Rd2 33. h5 Qc8 34. h6 Qxc5 35. Rf1 Qc8 36. h7 Qh8 37. Qg6 Ng5 38. Rc1 Qxh7 39. Rc7+ Rd7 40. Rxd7+ Kxd7 41. Qxf6 Qe7 42. Qf5+ Kd6 43. g3 Ne6 44.
Kg2 Qg5 45. Qh7 Qg4 46. Kf1 Nc5 47. Qh6+ Kc7 48. Qh7+ Kb6 49. Qh6+ Kc7 50. Qh7+ Kc6 51. Qh6+ Kc7 52. Qh7+ Kb8 53. Qh8+ Ka7 54. Qxe5 Nxe4 55.
Qd4+ b6 56. Kg2 Qf5 57. Qe3 Nc5 58. Qe7+ Nd7 59. f4 a5 60. Kf3 Kb8 61. Qe8+ Kc7 62. Qe4 Qh5+ 63. Kg2 Qc5 64. g4 Nf6 65. Qf3 Qd4 66.
g5 Nd5 67. Kg3 Ne7 68. Kg4 Ng6 69. Qg3 Kd7 70. Qh2 Ke6 71. Qe2+ Kd6 72. Qf1 Ne5+ 73. Kh5 Nd3 74. f5 Nf4+ 75. Kg4 Ng6+ 76. Kh5 Nf4+ 77. Kg4 Nd5+ 78. Kg3 Qe3+ 79. Kh4 Qe4+ 80. Kg3 Qe5+ 81. Kh3 Qe3+ 82. Kh4 Qd4+ 83. Kg3 Qe5+ 84. Kh3 Qc3+ 85. Kh4 Qd4+ 86. Kh3 Qc3+ 87. Kh4 Qd4+ 88. Kh3 Ne3 89. Qf3 Qh8+ 90. Kg3 Qe5+ 91. Kf2 Nxf5 92. g6 Qd4+ 93. Kf1 Ke5 94. Qe2+ Kf6 95. Kg2 Kxg6 96. Qe6+ Kg5 97. Qg8+ Kf4 98. Qb8+ Ke4 99. Qb7+ Kd3 100. Kf3 Qe3+ 101. Kg4 Qe4+ 102. Qxe4+ Kxe4 0-1

[Event "*** Titled Tuesday Blitz"]
[Site "Chess.com"]
[Date "2019.04.02"]
[Round "6"]
[White "hansen"]
[Black "Yoshkinkot"]
[Result "0-1"]
[WhiteElo "2796"]
[BlackElo "2573"]
[TimeControl "180+2"]
[EndTime "15:25:12 PDT"]
[Termination "Yoshkinkot won by resignation"]

1. e4 c6 2. d4 d5 3. e5 Bf5 4.
Nf3 e6 5. Be2 c5 6. Be3 cxd4 7.
Nxd4 Ne7 8. Nd2 Nbc6 9. N2f3 Be4 10.
O-O a6 11. Rc1 Rc8 12. c3 h6 13. Qb3 Qc7 14. c4 dxc4 15. Qxc4 Bd5 16. Qa4 Ng6 17. b4 Be7 18. b5 axb5 19. Nxb5 Qd7 20. Nd6+ Bxd6 21. exd6 O-O 22. Rc2 Ra8 23. Qb5 Bxa2 24. h4 Bd5 25. h5 Nge5 26. Nxe5 Nxe5 27. Qxd7 Nxd7 28. Rc7 Nf6 29. Bb5 Rfd8 30. d7 Bc6 31. Bxc6 bxc6 32. Rd1 Nd5 33. Rxc6 Rxd7 34. Bf4 Nf6 35.
Rxd7 Nxd7 36. f3 Nf6 37. g4 Nd5 38. Be5 Nb4 39. Rc7 Nd5 40. Rd7 Re8 41. Kf2 f6 42. Bd4 Nb4 43. Kg3 e5 44. Be3 Nc2 45. Bc5 Na1 46. Rb7 Rc8 47. Rb5 Nc2 48. Kf2 Na1 49. Ke3 Nb3 50. Bb6 Rc3+ 51. Ke2 Kf7 52. Rd5 Ke6 53.
Rd8 Rc6 54. Be3 Rc7 55. Rg8 Rb7 56. Kf2 Na5 57. Rc8 Kd7 58. Rg8 Kc6 59. Ra8 Kb5 60.
f4 exf4 61. Bxf4 Nc4 62. Kf3 Kc5 63. Ke4 Nd6+ 64. Kf3 Nb5 65. Rd8 Re7 66. Rd2 Nd4+ 67. Kf2 Kc4 68. Be3 Ne6 69. Kf3 Rb7 70. Rd6 Ng5+ 71.
Bxg5 fxg5 72. Rg6 Rf7+ 73. Ke3 Kd5 74. Ra6 Re7+ 75. Kd3 Ke5 76. Ke3 Rd7 77. Ra5+ Ke6 78. Ke4 Rb7 79. Ra6+ Kf7 80. Ra4 Rb5 81. Kd4 Rb1 82.
Ra7+ Kg8 83. Ra8+ Kh7 84. Ra4 Rf1 85. Ke5 Kg8 86. Ra8+ Rf8 87. Ra4 Rf2 88. Ra8+ Kh7 89. Ra4 Kg8 90. Ra8+ Kh7 91. Ra4 Rf1 92. Rb4 Re1+ 93.
Kf5 Re7 94. Ra4 Rf7+ 95. Ke5 g6 96. hxg6+ Kxg6 97. Ra6+ Kg7 98. Ra4 h5 99. gxh5 Kh6 100. Ke4 Kxh5 101. Ke3 g4 102. Ke2 Kh4 103. Ra1 Kh3 104. Ra8 g3 105. Rh8+ Kg2 106. Rg8 Re7+ 107. Kd2 Kf2 108. Rf8+ Kg1 109. Rg8 g2 110. Rg5 Re6 111. Rg8 Re5 112. Rg6 Kf2 113. Rf6+ Kg3 114. Rg6+ Kf3 115. Rf6+ Kg4 116. Rg6+ Rg5 0-1

[Event "*** Titled Tuesday Blitz"]
[Site "Chess.com"]
[Date "2019.04.02"]
[Round "7"]
[White "tteshan"]
[Black "melicg25"]
[Result "0-1"]
[WhiteElo "2197"]
[BlackElo "2307"]
[TimeControl "180+2"]
[EndTime "15:27:20 PDT"]
[Termination "melicg25 won by resignation"]

1. d4 Nf6 2. Nf3 g6 3. Bf4 Bg7 4. e3 O-O 5. h4 d6 6. h5 Nxh5 7. Rxh5 gxh5 8. Bd3 Bg4 9. Nbd2 e5 10. dxe5 dxe5 11. Bh2 Nc6 12. c3 Qxd3 0-1

[Event "*** Titled Tuesday Blitz"]
[Site "Chess.com"]
[Date "2019.04.02"]
[Round "7"]
[White "Shahinyan_ChessMood"]
[Black "suyu28"]
[Result "1-0"]
[WhiteElo "2608"]
[BlackElo "2557"]
[TimeControl "180+2"]
[EndTime "15:28:45 PDT"]
[Termination "Shahinyan_ChessMood won by resignation"]

1. c4 e5 2. Nc3 Nf6 3. Nf3 Nc6 4. e4 Bc5 5. Nxe5 Nxe5 6. d4 Bd6 7. c5 Bxc5 8. dxe5 Ng8 9. Bc4 d6 10. O-O c6 11. Qh5 g6 12. Qf3 Qc7 13. exd6 Bxd6 14. e5 Bb4 15. Ne4 Be6 16. Bxe6 fxe6 17. Bg5 Be7 18. Rad1 Bxg5 19. Nxg5 Qe7 20. Ne4 Qf8 21. Nd6+ Ke7 22. Qa3 1-0

[Event "*** Titled Tuesday Blitz"]
[Site "Chess.com"]
[Date "2019.04.02"]
[Round "7"]
[White "nubair1198"]
[Black "GameOverBro"]
[Result "1-0"]
[WhiteElo "2667"]
[BlackElo "2519"]
[TimeControl "180+2"]
[EndTime "15:28:52 PDT"]
[Termination "nubair1198 won by resignation"]

1. d4 d6 2. Nf3 g6 3. e4 Bg7 4. c4 c5 5. d5 b5 6. cxb5 a6 7. Nc3 Nf6 8. a4 O-O 9. Bd3 e6 10. O-O exd5 11. exd5 Nbd7 12. Bf4 Qc7 13. h3 Nh5 14. Bh2 c4 15. Be2 Re8 16. Re1 Bxc3 17. bxc3 axb5 18. Nd4 Ne5 19. Bxh5 gxh5 20. Nxb5 Qc5 21.
Qxh5 Bd7 22. Qg5+ Kf8 23. Nxd6 Qxd6 24. Rxe5 h6 25. Rxe8+ 1-0

[Event "*** Titled Tuesday Blitz"]
[Site "Chess.com"]
[Date "2019.04.02"]
[Round "7"]
[White "Gabix_94"]
[Black "lachesisQ"]
[Result "0-1"]
[WhiteElo "2590"]
[BlackElo "3011"]
[TimeControl "180+2"]
[EndTime "15:29:01 PDT"]
[Termination "lachesisQ won by checkmate"]

1. Nf3 c5 2. c4 Nc6 3. Nc3 Nf6 4. g3 d5 5. cxd5 Nxd5 6. Bg2 Nc7 7. O-O e5 8. a3 Rb8 9. d3 Be7 10. Be3 O-O 11.
Nd2 Bd7 12. Nc4 b5 13. Bxc6 Bxc6 14. Nxe5 Ba8 15. Rc1 Ne6 16. Ne4 f5 17. Nc3 f4 18.
gxf4 Nxf4 19. Qb3+ c4 20. dxc4 Nh3# 0-1

[Event "*** Titled Tuesday Blitz"]
[Site "Chess.com"]
[Date "2019.04.02"]
[Round "7"]
[White "IMDT02"]
[Black "GM_RobertoMogranzini"]
[Result "1-0"]
[WhiteElo "2437"]
[BlackElo "2453"]
[TimeControl "180+2"]
[EndTime "15:29:03 PDT"]
[Termination "IMDT02 won by resignation"]

1. d4 Nf6 2. c4 c5 3. d5 b5 4. cxb5 a6 5. f3 axb5 6. e4 b4 7. Nd2 d6 8. Nc4 g6 9. Bd3 Bg7 10. Ne2 O-O 11. O-O Nbd7 12. a3 bxa3 13. Rxa3 Rxa3 14.
bxa3 Nb6 15. Bd2 Nxc4 16. Bxc4 Qb6 17. Qc2 Ba6 18. Rb1 Qa7 19. Qa4 Ra8 20. Bxa6 Qxa6 21. Rb8+ Bf8 22. Rxa8 Qxe2 23. Rxf8+ Kxf8 24. Bh6+ 1-0

[Event "*** Titled Tuesday Blitz"]
[Site "Chess.com"]
[Date "2019.04.02"]
[Round "7"]
[White "enriquetejedor"]
[Black "Artooooo"]
[Result "1-0"]
[WhiteElo "2554"]
[BlackElo "2706"]
[TimeControl "180+2"]
[EndTime "15:29:13 PDT"]
[Termination "enriquetejedor won by resignation"]

1. e3 e5 2. c4 Nf6 3. Nc3 d5 4. cxd5 Nxd5 5. Nf3 Nc6 6. Qc2 a6 7. a3 Be6 8. Be2 Be7 9. O-O O-O 10. d3 Re8 11. Ne4 h6 12. b4 Bf8 13. Bb2 Na7 14. Rac1 f6 15. Rfd1 c6 16. Nc5 Bc8 17.
d4 Bxc5 18. dxc5 Qe7 19. Nh4 e4 20. Bc4 Bg4 21. Rd4 f5 22. Ng6 Qg5 23. Nf4 Nb5 24.
Nxd5 Nxd4 25. Nf4+ Kh7 26. Bxd4 1-0

[Event "*** Titled Tuesday Blitz"]
[Site "Chess.com"]
[Date "2019.04.02"]
[Round "7"]
[White "Hunninn"]
[Black "Zavgorodniy_Serg"]
[Result "1-0"]
[WhiteElo "2623"]
[BlackElo "2473"]
[TimeControl "180+2"]
[EndTime "15:29:34 PDT"]
[Termination "Hunninn won by resignation"]

1. d4 Nf6 2. Nf3 d6 3. Bg5 Nbd7 4. Nbd2 h6 5. Bh4 g5 6. Bg3 Nh5 7. e3 Bg7 8. Bd3 c6 9. c3 Qc7 10. Nf1 Ndf6 11. h3 Nxg3 12. Nxg3 Bd7 13. Qa4 a5 14. e4 b5 15. Qc2 c5 16. Qe2 cxd4 17. cxd4 O-O 18. O-O Qb6 19. e5 dxe5 20. dxe5 1-0

[Event "*** Titled Tuesday Blitz"]
[Site "Chess.com"]
[Date "2019.04.02"]
[Round "7"]
[White "sofaceindisguise"]
[Black "Tiqr777"]
[Result "1-0"]
[WhiteElo "2563"]
[BlackElo "2624"]
[TimeControl "180+2"]
[EndTime "15:29:39 PDT"]
[Termination "sofaceindisguise won by resignation"]

1. c4 g6 2. g3 Bg7 3. Bg2 d6 4. Nc3 Nf6 5. e3 O-O 6. Nge2 e5 7. O-O Nc6 8. Rb1 h5 9. h3 a5 10. a3 Be6 11. Nd5 Qd7 12. Kh2 Rab8 13. b4 axb4 14.
axb4 Ne7 15. Nxf6+ Bxf6 16. c5 d5 17. d4 c6 18.
dxe5 Bxe5 19. Nf4 Bf5 20. Rb3 h4 21. g4 g5 22. gxf5 gxf4 23. exf4 Bf6 24. Qg4+ Kh8 25. Qh5+ Kg7 26. Bxd5 Ng6 27. fxg6 fxg6 28. Rg1 1-0

[Event "*** Titled Tuesday Blitz"]
[Site "Chess.com"]
[Date "2019.04.02"]
[Round "7"]
[White "albano87"]
[Black "julinha97"]
[Result "1-0"]
[WhiteElo "2326"]
[BlackElo "2193"]
[TimeControl "180+2"]
[EndTime "15:29:48 PDT"]
[Termination "albano87 won by resignation"]

1. e4 c5 2. Nf3 d6 3. d4 cxd4 4. Qxd4 a6 5. c4 Nc6 6. Qd2 Nf6 7. Nc3 g6 8. b3 Bg7 9. Bb2 O-O 10. Be2 Rb8 11. O-O b5 12. cxb5 axb5 13. Bxb5 Nxe4 14. Nxe4 Rxb5 15. Bxg7 Kxg7 16. Qc3+ Ne5 17. a4 Rd5 18. Rfd1 Be6 19. Rxd5 Bxd5 20. Nxe5 dxe5 21. Qxe5+ f6 22.
Qd4 Bxb3 23. Qb4 Bd5 24. a5 Bxe4 25. Qxe4 Kf7 26. a6 Qa8 27. Qc4+ Kg7 28. a7 Rc8 29. Qxc8 1-0

[Event "*** Titled Tuesday Blitz"]
[Site "Chess.com"]
[Date "2019.04.02"]
[Round "7"]
[White "PaulfromSPb"]
[Black "gmjoey1"]
[Result "0-1"]
[WhiteElo "2639"]
[BlackElo "2520"]
[TimeControl "180+2"]
[EndTime "15:29:49 PDT"]
[Termination "gmjoey1 won by checkmate"]

1. e4 c6 2. d4 d5 3. Nd2 dxe4 4. Nxe4 Nf6 5. Nxf6+ exf6 6. c3 Bd6 7. Bd3 O-O 8.
Ne2 Re8 9. Qc2 h6 10. Be3 Nd7 11. O-O-O Nf8 12. Rdg1 b5 13. g4 Be6 14. h4 Bd5 15.
Rh3 Qd7 16. Bf5 Be6 17. Rf3 Bh2 18. Rg2 Qd5 19. Be4 Qxa2 20. Rxh2 Bb3 21. Qb1 Rxe4 22.
Qxe4 Bd5 23. Qf5 Qa1+ 24. Kc2 Bb3+ 25. Kd2 Qd1# 0-1

[Event "*** Titled Tuesday Blitz"]
[Site "Chess.com"]
[Date "2019.04.02"]
[Round "7"]
[White "FedaMaster"]
[Black "Cayse"]
[Result "0-1"]
[WhiteElo "2607"]
[BlackElo "2674"]
[TimeControl "180+2"]
[EndTime "15:30:01 PDT"]
[Termination "Cayse won by resignation"]

1. e4 e5 2. Nf3 Nc6 3. Bc4 Nf6 4. d4 exd4 5. O-O Nxe4 6. Re1 d5 7. Bxd5 Qxd5 8.
Nc3 Qh5 9. Nxe4 Be6 10. Bg5 Bd6 11.
h4 O-O 12. Nxd4 Qxd1 13. Raxd1 Nxd4 14. Rxd4 Be5 15. Rb4 b6 16. f4 c5 17. Rb3 Bd4+ 18.
Kh2 Bxb3 19. axb3 f6 20. c3 fxg5 21. cxd4 Rxf4 22. dxc5 Rxh4+ 23. Kg3 bxc5 24. Nxc5 Rb4 25. Re7 h6 26. Ne6 Rxb3+ 27. Kg4 Rb4+ 28. Kh5 Kh8 29. Nxg7 Rh4+ 30. Kg6 Rg8 31. Rxa7 Rb4 32. Kxh6 Rb6+ 33. Kh5 Rxg7 34. Ra8+ Kh7 0-1